 Dungeon Crawl Stone Soup version 0.21-a0-404-g291f19a (webtiles) character file.

729 Charmandara the Frost Mage (level 7, -3/41 HPs)
             Began as a Barachi Ice Elementalist on Oct 27, 2017.
             Was a Follower of Vehumet.
             Slain by a sky beast (5 damage)
             ... on level 5 of the Dungeon.
             The game lasted 00:20:32 (3923 turns).

Charmandara the Frost Mage (BaIE)                   Turns: 3923, Time: 00:20:33

Health: -3/41      AC:  3    Str:  9    XL:     7   Next: 73%
Magic:  4/10       EV: 12    Int: 18    God:    Vehumet [*.....]
Gold:   132        SH:  0    Dex: 14    Spells: 0/10 levels left

rFire    . . .     SeeInvis .   a - +2 whip (venom)
rCold    . . .     Gourm    .   (no shield)
rNeg     + . .     Faith    .   j - +1 robe
rPois    .         Spirit   .   (no helmet)
rElec    .         Reflect  .   (no cloak)
rCorr    .         Harm     .   (no gloves)
MR       .....     Clarity  +   (no boots)
Stlth    ++........             (no amulet)
HPRegen  0.13/turn              g - ring of positive energy {rN+}
MPRegen  0.12/turn              (no ring)

@: slow
A: +LOS, swims, agile 1, clarity, deterioration 1, frail 1, slowness 1, strong
legs 1
a: Hop, Renounce Religion


You were on level 5 of the Dungeon.
You worshipped Vehumet.
Vehumet was aware of your devotion.
You were hungry.

You visited 1 branch of the dungeon, and saw 5 of its levels.

You collected 132 gold pieces.

Inventory:

Hand Weapons
 a - a +2 whip of venom (weapon)
   (You took it off a kobold on level 2 of the Dungeon)
 b - a +0 hunting sling
   (You found it on level 2 of the Dungeon)
 k - a +0 dagger
   (You found it on level 1 of the Dungeon)
 n - a +0 hand axe
   (You found it on level 1 of the Dungeon)
 x - a cursed +0 rapier
   (You found it on level 2 of the Dungeon)
 D - a +0 blowgun
   (You took it off a kobold on level 3 of the Dungeon)
Missiles
 h - 158 stones (quivered)
 i - 32 bolts
 p - 44 arrows
 y - 13 sling bullets
 C - 9 poisoned needles
Armour
 e - a cursed +0 chain mail
   (You found it on level 4 of the Dungeon)
 j - a +1 robe (worn)
Jewellery
 g - a ring of positive energy (left hand) {rN+}
   (You found it on level 4 of the Dungeon)
Scrolls
 m - a scroll of amnesia
 v - a scroll of enchant armour
Potions
 l - a potion of agility
 q - a potion of brilliance
 r - 2 potions of flight
 u - a potion of might
Books
 z - a book of Frost
Comestibles
 c - 4 bread rations {@e1}
 d - 2 meat rations {@e2}
 f - 15 chunks of flesh {@w0}
 s - a fruit


   Skills:
 - Level 2.1 Dodging
 - Level 1.7 Stealth
 - Level 2.1 Spellcasting
 - Level 1.1 Conjurations
 + Level 10.5 Ice Magic


You couldn't memorise any spells.
You knew the following spells:

 Your Spells              Type           Power        Failure   Level  Hunger
a - Freeze                Ice            ####         1%          1    #......
b - Summon Ice Beast      Ice/Summ       ###.....     21%         4    #####..
x - Throw Frost           Conj/Ice       ###...       2%          2    ###....
A - Ozocubu's Armour      Chrm/Ice       ###.....     6%          3    ###....


Dungeon Overview and Level Annotations

Branches:
Dungeon (5/15)             Temple (0/1) D:4

Altars:
Ashenzari
Fedhas
Qazlal
Uskayaw
Vehumet
Wu Jian
Xom
Zin


Innate Abilities, Weirdness & Mutations

Shadows flee at your approach. (+LOS)
You can swim through water.
You cover ground slowly.
You can hop short distances.
You are agile. (Dex +2)
You possess an exceptional clarity of mind.
Your body sometimes deteriorates upon taking damage.
You are frail. (-10% HP)


Message History

Your ice beast hits the orc but does no damage.
Your ice beast hits the orc.
Your ice beast freezes the orc!
The orc dies!
Vehumet accepts your kill.
A jackal comes into view.
Unknown command.
You aren't carrying any items that you can evoke.
Unknown command.
Okay, then.
Okay, then.
The jackal bites you but does no damage.
Your ice beast barely misses the orc priest.
Your ice beast hits the orc priest.
Your ice beast freezes the orc priest!
The orc priest dies!
Vehumet accepts your kill.
Unknown command.
You barely miss the jackal.
You hear the slow rusting of a very distant drain.
The jackal bites you. Something hits your ice beast.
Something shocks your ice beast.
Your ice beast closely misses the jackal.
Your ice beast completely misses the jackal.
The jackal closely misses you. The jackal bites you.
You take 3 damage, and have 18/41 hp.
You hit the jackal.
The jackal is poisoned.
The jackal barely misses you.
Something hits your ice beast but does no damage.
Your ice beast barely misses the jackal.
Your ice beast misses the jackal.
The jackal bites you. The jackal completely misses you.
You take 1 damage, and have 17/41 hp.
Unknown command.
You hit the jackal.
You kill the jackal!
Vehumet accepts your kill.
Something hits your ice beast but does no damage.
Your ice beast barely misses the jackal.
The jackal bites you but does no damage.
Unknown command.
You closely miss the jackal.
The jackal barely misses your ice beast.
Something barely misses your ice beast.
Your ice beast hits the jackal.
Your ice beast freezes the jackal!
The jackal dies!
Vehumet accepts your kill.
Your ice beast hits the orc but does no damage.
The orc barely misses you.
Something hits your ice beast but does no damage.
Unknown command.
You hit the orc.
The orc is poisoned.
You feel a little less clever now.
You kill the orc!
Vehumet accepts your kill.
You feel your power returning. The jackal bites you.
Your ice beast barely misses the jackal. x2
Something hits your ice beast but does no damage.
The jackal bites you but does no damage.
You hit the jackal.
Your ice beast hits the jackal.
The jackal dies!
Vehumet accepts your kill.
Something hits your ice beast but does no damage.
A jackal comes into view.
Unknown command.
Items here: ) = [ †† a club; a chain mail; a marble ring; a jackal corpse; an orc corpse You swap places.
The jackal bites you but does no damage.
Something hits you. Something shocks you.
* * * LOW HITPOINT WARNING * * *
Your ice beast closely misses the jackal.
Your ice beast closely misses something.
You take 8 damage, and have 9/41 hp.
There isn't anything here!
Unknown command.
Unknown command.
You closely miss the jackal. The jackal bites you.
* * * LOW HITPOINT WARNING * * *
Something hits you but does no damage.
Your ice beast barely misses the jackal.
Your ice beast closely misses something.
The jackal bites you but does no damage.
You take 1 damage, and have 8/41 hp.
Unknown command.
Okay, then.
You hit the jackal but do no damage.
The jackal is poisoned.
The jackal misses you. Something hits you.
* * * LOW HITPOINT WARNING * * *
Something shocks you.
* * * LOW HITPOINT WARNING * * *
The jackal barely misses you.
You take 6 damage, and have 2/41 hp.
Unknown command.
Okay, then.
Aim: a jackal (heavily wounded, poisoned)
You freeze the jackal.
You kill the jackal!
Vehumet accepts your kill.
You feel your power returning.
A sky beast appears from thin air!
Reactivating autopickup.
The sky beast hits you.
You die...

###
#######################..
.........................
.....%...Y.##.#########..
........YY)##.### #..
........@†.#....#### #..
.................o.......
.######.####........#####
... .........?. .. ###.
##........## ## #.
#....##### #. ....... #.
..###### #. ..#


You could see a sky beast and 2 friendly ice beasts.

Vanquished Creatures
  Grinder (D:3)
  An ogre (D:4)
  A scorpion (D:4)
  A jelly (D:5)
  2 hounds (D:4)
  An orc wizard (D:4)
  5 adders
  2 oozes
  3 worms
  3 dart slugs
  2 leopard geckos
  5 orcs
  4 ball pythons
  6 bats
  3 giant cockroaches
  6 goblins
  9 hobgoblins
  9 jackals
  4 frilled lizards
  A jackal skeleton (D:4)
  6 kobolds
  7 rats
82 creatures vanquished.

Vanquished Creatures (collateral kills)
  A sky beast (D:5)
  A crimson imp (D:5)
  An orc priest (D:5)
  A hound (D:5)
  A hound zombie (D:5)
  5 orcs (D:5)
  2 jackals (D:5)
12 creatures vanquished.

Grand Total: 94 creatures vanquished

Notes
Turn   | Place    | Note
-------+----------+-------------------------------------------
     0 | D:1      | Charmandara the Barachi Ice Elementalist began the quest for the Orb.
     0 | D:1      | Reached XP level 1. HP: 13/13 MP: 3/3
   174 | D:1      | Reached skill level 4 in Ice Magic
   363 | D:1      | Reached XP level 2. HP: 19/19 MP: 1/5
   410 | D:1      | Learned a level 2 spell: Throw Frost
   898 | D:2      | Reached XP level 3. HP: 14/24 MP: 3/6
   902 | D:2      | Reached skill level 5 in Ice Magic
  1148 | D:2      | Learned a level 3 spell: Ozocubu's Armour
  1701 | D:2      | Reached XP level 4. HP: 25/30 MP: 2/7
  1793 | D:2      | Found a blossoming altar of Fedhas.
  1799 | D:2      | Found an ornate altar of the Wu Jian Council.
  1799 | D:2      | Found a shimmering altar of Xom.
  1804 | D:2      | Found a glowing silver altar of Zin.
  1805 | D:2      | Found a shattered altar of Ashenzari.
  1806 | D:2      | Found a radiant altar of Vehumet.
  1811 | D:2      | Became a worshipper of Vehumet
  1829 | D:2      | Reached skill level 6 in Ice Magic
  2057 | D:3      | Gained mutation: Your flesh is heat resistant. (rF+) [potion of mutation]
  2057 | D:3      | Gained mutation: Your mind is acute. (Int +2) [potion of mutation]
  2057 | D:3      | Gained mutation: Your magical capacity is low. (-10% MP) [potion of mutation]
  2057 | D:3      | Gained mutation: Your natural rate of healing is unusually fast. [potion of mutation]
  2058 | D:3      | Lost mutation: Your flesh is heat resistant. (rF+) [potion of mutation]
  2058 | D:3      | Lost mutation: Your mind is acute. (Int +2) [potion of mutation]
  2058 | D:3      | Lost mutation: Your natural rate of healing is unusually fast. [potion of mutation]
  2058 | D:3      | Lost mutation: Your magical capacity is low. (-10% MP) [potion of mutation]
  2058 | D:3      | Gained mutation: Your body sometimes deteriorates upon taking damage. [potion of mutation]
  2058 | D:3      | Gained mutation: You are frail. (-10% HP) [potion of mutation]
  2058 | D:3      | Gained mutation: You are agile. (Dex +2) [potion of mutation]
  2058 | D:3      | Gained mutation: You possess an exceptional clarity of mind. [potion of mutation]
  2135 | D:3      | Found a stormy altar of Qazlal.
  2142 | D:3      | Noticed Grinder
  2628 | D:3      | HP: 6/27 [Grinder/nerve-wracking pain (14)]
  2630 | D:3      | Paralysed by Grinder for 3 turns
  2635 | D:3      | Paralysed by Grinder for 5 turns
  2638 | D:3      | HP: 4/40 [Grinder (6)]
  2646 | D:3      | Paralysed by Grinder for 2 turns
  2654 | D:3      | Paralysed by Grinder for 6 turns
  2669 | D:3      | Paralysed by Grinder for 6 turns
  2681 | D:3      | Paralysed by Grinder for 2 turns
  2684 | D:3      | HP: 8/40 [Grinder/nerve-wracking pain (1)]
  2692 | D:3      | Killed Grinder
  2692 | D:3      | Reached skill level 8 in Ice Magic
  2692 | D:3      | Reached XP level 5. HP: 19/31 MP: 8/8
  2692 | D:3      | Reached XP level 6. HP: 23/36 MP: 9/9
  2863 | D:4      | Noticed a dagger
  2863 | D:4      | Noticed a hand axe
  2866 | D:4      | Found a hide-covered altar of Uskayaw.
  2888 | D:4      | Reached skill level 9 in Ice Magic
  2888 | D:4      | Reached XP level 7. HP: 37/41 MP: 2/10
  2894 | D:4      | Learned a level 4 spell: Summon Ice Beast
  3043 | D:4      | Found a staircase to the Ecumenical Temple.
  3218 | D:4      | Reached * piety under Vehumet
  3218 | D:4      | Offered knowledge of Magic Dart by Vehumet.
  3739 | D:5      | Entered Level 5 of the Dungeon
  3762 | D:5      | Reached skill level 10 in Ice Magic
  3920 | D:5      | HP: 9/41 [something (5)]
  3922 | D:5      | HP: 2/41 [something (5)]
  3923 | D:5      | Slain by a sky beast

Vault maps used:
D:1:      lightli_arrival_statuegarden, serial_forest,
          infiniplex_forest_clump_large, infiniplex_forest_clump_double,
          infiniplex_forest_end_1, infiniplex_forest_clump_diagonal,
          infiniplex_forest_clump_small, infiniplex_forest_clump_diagonal,
          infiniplex_forest_straight_4, minmay_pentomino_u2
D:2:      minitemple, hangedman_abyss_or_decor_lesser_grid
D:3:      grunt_qazlal_sundering, first_bread, uniq_grinder
D:4:      nicolae_overflow_hidden_temple, dancing_weapons_uskayaw,
          minmay_temple_entry_junction
D:5:      portal_sewer_entry_e

Skill      XL: |  1  2  3  4  5  6  7 |
---------------+----------------------+-----
Ice Magic      | 4 5 8 9 10 | 10.5
Dodging        | |  2.1
Stealth        | |  1.7
Spellcasting   | |  2.1
Conjurations   | |  1.1

Action                   |  1- 3 |  4- 6 |  7- 9 || total
-------------------------+-------+-------+-------++-------
Melee: Hand axe          |    14 |       |       ||    14
       Whip              |     8 |    40 |    62 ||   110
 Fire: Hunting sling     |     1 |    32 |       ||    33
Throw: Stone             |       |     1 |       ||     1
 Cast: Freeze            |    46 |    10 |     9 ||    65
       Throw Frost       |       |     8 |     1 ||     9
       Summon Ice Beast  |       |       |     4 ||     4
       Ozocubu's Armour  |       |       |     3 ||     3
 Abil: Hop               |       |     1 |       ||     1
  Use: Scroll            |       |    12 |     1 ||    13
       Potion            |       |    11 |     1 ||    12
 Stab: Sleeping          |     3 |       |     1 ||     4
  Eat: Chunk             |     4 |     4 |     5 ||    13
Armor: Robe              |    13 |     5 |    26 ||    44
       Skin              |       |    12 |       ||    12
Dodge: Dodged            |    34 |    29 |    56 ||   119

Table legend:
 A = Spawn XP
 B = Non-spawn XP
 C = Spawn XP percentage of total XP
 D = Spawn monster count
 E = Non-spawn monster count
 F = Spawn count percentage of total count
 G = Total turns spent on level
                    A         B        C        D         E        F      G
               +---------+---------+-------+---------+---------+-------+---------
         Total |       0 |    1042 |   0.0 |       0 |      94 |   0.0 |  3923
               +---------+---------+-------+---------+---------+-------+---------
           D:1 |       0 |      31 |   0.0 |       0 |      13 |   0.0 |   879
           D:2 |       0 |      67 |   0.0 |       0 |      25 |   0.0 |   996
           D:3 |       0 |     350 |   0.0 |       0 |      18 |   0.0 |   959
           D:4 |       0 |     362 |   0.0 |       0 |      15 |   0.0 |   905
           D:5 |       0 |     232 |   0.0 |       0 |      23 |   0.0 |   184
               +---------+---------+-------+---------+---------+-------+---------

Vault maps used:
D:1:      lightli_arrival_statuegarden, serial_forest,
          infiniplex_forest_clump_large, infiniplex_forest_clump_double,
          infiniplex_forest_end_1, infiniplex_forest_clump_diagonal,
          infiniplex_forest_clump_small, infiniplex_forest_clump_diagonal,
          infiniplex_forest_straight_4, minmay_pentomino_u2
D:2:      minitemple, hangedman_abyss_or_decor_lesser_grid
D:3:      grunt_qazlal_sundering, first_bread, uniq_grinder
D:4:      nicolae_overflow_hidden_temple, dancing_weapons_uskayaw,
          minmay_temple_entry_junction
D:5:      portal_sewer_entry_e

Table legend:
 A = Turns spent in this place as a percentage of turns spent in the entire game.
 B = Non-inter-level travel turns spent in this place as a percentage of non-inter-level travel turns spent in the entire game.
 C = Inter-level travel turns spent in this place as a percentage of turns spent in this place.
 D = Turns resting spent in this place as a percentage of non-inter-level travel turns spent in this place.
 E = Turns spent auto-exploring this place as a percentage of non-inter-level travel turns spent in this place.
 F = Non-inter-level travel turns spent in this place divided by the number of levels of this place that you've seen.
                   A       B       C       D       E      F
               +-------+-------+-------+-------+-------+----------------------
         Total | 100.0 | 100.0 |   3.8 |  14.9 |  58.5 | 754.6
       Dungeon | 100.0 | 100.0 |   3.8 |  14.9 |  58.5 | 754.6
               +-------+-------+-------+-------+-------+----------------------

Table legend:
 A = Kills in this place as a percentage of kills in entire the game.
 B = Kills by you in this place as a percentage of kills by you in the entire game.
 C = Kills by friends in this place as a percentage of kills by friends in the entire game.
 D = Other kills in this place as a percentage of other kills in the entire game.
 E = Experience gained in this place as a percentage of experience gained in the entire game.
 F = Experience gained in this place divided by the number of levels of this place that you have seen.
                   A       B       C       D       E      F
               +-------+-------+-------+-------+-------+----------------------
         Total | 100.0 | 100.0 | 100.0 |   N/A | 100.0 | 208.4
       Dungeon | 100.0 | 100.0 | 100.0 |   N/A | 100.0 | 208.4
               +-------+-------+-------+-------+-------+----------------------
